 Dungeon Crawl Stone Soup version 0.31.0-11-ge490571c62 (webtiles) character file.

Game seed: 1751385358199723225

1842134 SlowGraham the Cardsharp (level 25, 132/245 HPs)
             Began as a Minotaur Fighter on Jan 28, 2024.
             Was a High Priest of Nemelex Xobeh.
             Escaped with the Orb
             ... and 3 runes
             ... and 1 gem on Jan 29, 2024!
             The game lasted 06:59:48 (62490 turns).

SlowGraham the Cardsharp (Minotaur Fighter)        Turns: 62490, Time: 06:59:48

Health: 132/245    AC: 40    Str: 22 (24) XL:     25   Next: 96%
Magic:  36/39      EV: 10    Int:  7      God:    Nemelex Xobeh [*****.]
Gold:   2153       SH: 16    Dex: 18      Spells: 24/24 levels left

rFire   + + .        a - +9 broad axe (protect)
rCold   + + .        X - +0 kite shield {reflect} {Donald}
rNeg    + . .        e - +6 gold dragon scales
rPois   +            y - +2 hat
rElec   +            c - +4 dragonskin cloak
rCorr   .            R - +1 pair of gloves
SInv    +            o - +2 pair of boots {Fly}
Will    +++..        r - amulet "Kaosoa" {rElec rF+ Will- Regen+ Dex+3 Stlth+} Stlth
                     h - ring of Beogh's Generosity {rC+ Will+++ AC+4}
HPRegen 1.40/turn    M - ring of Ignis's Grace {rN+ SInv}
MPRegen 0.26/turn

%: reflection
@: flying, hasted, studying Air Magic, very quick
A: horns 2, retaliatory headbutt, clumsy 1, deformed body, deterioration 1,
subdued magic 1, inability to drink after injury 1, inability to read after
injury 1, MP-powered wands
0: Orb of Zot
}: 3/15 runes: decaying, serpentine, slimy
a: Renounce Religion, Draw Escape, Draw Destruction, Draw Summoning, Triple
Draw, Deal Four, Stack Five


You escaped.
You worshipped Nemelex Xobeh.
Nemelex Xobeh was extremely pleased with you.
You visited 11 branches of the dungeon, and saw 52 of its levels.
You visited the Abyss 1 time.
You also visited: Sewer, Bailey, Gauntlet, Ice Cave and Volcano.

You collected 6664 gold pieces.
You spent 4511 gold pieces at shops.

Inventory:

Hand Weapons
 a - a +9 broad axe of protection (weapon)
 b - a +6 hand cannon of draining
 w - a +3 scimitar of flaming
 V - the +7 war axe of Ihaot {speed, rElec rF+ rN+ Stlth+}
   (You found it on level 5 of the Pits of Slime)

   rF+:       It protects you from fire.
   rElec:     It insulates you from electricity.
   rN+:       It protects you from negative energy.
   Stlth+:    It makes you more stealthy.
Missiles
 t - 17 boomerangs (quivered)
 v - 16 javelins
 x - 10 silver javelins
 F - 9 curare-tipped darts
 Z - 4 throwing nets
Armour
 c - the +4 dragonskin cloak (worn)
   (You took it off Tiamat on level 1 of the Realm of Zot)

   Avatar's Aegis: It grants the wearer a chance to resist fire, cold, poison,
   electricity, acid, and negative energy.
 e - +6 gold dragon scales (worn)
 o - a +2 pair of boots of flying (worn)
 y - a +2 hat (worn)
 G - a +1 cloak of preservation
 R - a +1 pair of gloves (worn)
 X - a +0 kite shield of reflection (worn) {Donald}
Jewellery
 f - the ring "Maopt" {rF+ EV+5 SInv}
   (You took it off a deep elf blademaster on level 3 of the Elven Halls)

   [ring of evasion]

   EV+5:      It affects your evasion (+5).
   rF+:       It protects you from fire.
   SInv:      It lets you see invisible.
 g - the ring of Zizait {Will+ AC+4}
   (You found it on level 12 of the Dungeon)

   [ring of protection]

   AC+4:      It affects your AC (+4).
   Will+:     It increases your willpower.
 h - the ring of Beogh's Generosity (left hand) {rC+ Will+++ AC+4}
   (You took it off a minotaur in a Gauntlet)

   [ring of protection]

   AC+4:      It affects your AC (+4).
   rC+:       It protects you from cold.
   Will+++:   It greatly increases your willpower.
 r - the amulet "Kaosoa" (around neck) {rElec rF+ Will- Regen+ Dex+3 Stlth+}
   (You bought it in a shop on level 4 of the Snake Pit)

   [amulet of regeneration]

   Dex+3:     It affects your dexterity (+3).
   rF+:       It protects you from fire.
   rElec:     It insulates you from electricity.
   Will-:     It decreases your willpower.
   Regen+:    It increases your rate of health regeneration.
   Stlth+:    It makes you more stealthy.
 A - a ring of flight
 K - the ring of Gayvvid {rPois Str+6 Int+3}
   (You found it on level 5 of the Pits of Slime)

   [ring of strength]

   Str+6:     It affects your strength (+6).
   Int+3:     It affects your intelligence (+3).
   rPois:     It protects you from poison
 M - the ring of Ignis's Grace (right hand) {rN+ SInv}
   (You bought it in a shop on level 15 of the Dungeon)

   [ring of positive energy]

   rN+:       It protects you from negative energy.
   SInv:      It lets you see invisible.
 S - the ring "Heofomes" {rCorr Slay+3}
   (You found it on level 3 of the Swamp)

   [ring of resist corrosion]

   Slay+3:    It affects your accuracy & damage with ranged weapons and melee
   (+3).
   rCorr:     It protects you from acid and corrosion.
Wands
 D - a wand of digging (19)
 E - a wand of quicksilver (9)
 I - a wand of iceblast (39)
 P - a wand of paralysis (48)
Scrolls
 j - a scroll of summoning
 k - 7 scrolls of poison
 l - 5 scrolls of fear
 n - 10 scrolls of fog
 B - 2 scrolls of blinking
 J - 4 scrolls of silence {!r}
 L - 8 scrolls of immolation
 T - 12 scrolls of teleportation
 W - 2 scrolls of revelation
Potions
 d - a potion of might
 i - 13 potions of enlightenment
 m - 7 potions of resistance
 p - 7 potions of mutation
 s - 9 potions of magic
 z - 4 potions of attraction
 C - 2 potions of ambrosia
 H - 2 potions of haste
 N - 4 potions of invisibility
 Q - 17 potions of curing
Miscellaneous
 u - a phantom mirror
 U - a phial of floods
 Y - a lightning rod (4/4)


   Skills:
 + Level 23.7 Fighting
 - Level 18.0 Axes
 - Level 17.5 Ranged Weapons
 - Level 16.0 Throwing
 + Level 18.2 Armour
 - Level 13.0 Dodging
 + Level 19.1 Shields
 * Level 26.0 Invocations
 * Level 11.9 Evocations


You had 24 spell levels left.
You didn't know any spells.
Your spell library contained the following spells:

 Spells                   Type           Power      Damage    Failure   Level
 Apportation              Tloc           0%         N/A       100%        1
 Freeze                   Ice            0%         1d3       100%        1
 Kiss of Death            Conj/Necr      0%         2d5       100%        1
 Necrotise                Necr           0%         1d4       100%        1
 Shock                    Conj/Air       0%         1d3       100%        1
 Slow                     Hex            0%         N/A       100%        1
 Sting                    Conj/Alch      0%         1d3       100%        1
 Summon Small Mammal      Summ           0%         N/A       100%        1
 Call Imp                 Summ           0%         N/A       100%        2
 Cigotuvi's Dreadful Rot  Necr/Alch/Air  0%         N/A       100%        2
 Ensorcelled Hibernation  Hex/Ice        0%         N/A       100%        2
 Jinxbite                 Hex            0%         N/A       100%        2
 Scorch                   Fire           0%         2d5       100%        2
 Sublimation of Blood     Necr           0%         N/A       100%        2
 Call Canine Familiar     Summ           0%         N/A       100%        3
 Confusing Touch          Hex            0%         N/A       100%        3
 Frozen Ramparts          Ice            0%         1d1       100%        3
 Hailstorm                Conj/Ice       0%         3d5       100%        3
 Sigil of Binding         Hex            0%         N/A       100%        3
 Summon Ice Beast         Ice/Summ       0%         N/A       100%        3
 Swiftness                Air            0%         N/A       100%        3
 Tukima's Dance           Hex            0%         N/A       100%        3
 Vampiric Draining        Necr           0%         2d6       100%        3
 Airstrike                Air            0%         2d(0-16)  100%        4
 Animate Dead             Necr           0%         N/A       100%        4
 Brom's Barrelling Bould  Conj/Erth      0%         2d3       100%        4
 Dimensional Bullseye     Hex/Tloc       0%         N/A       100%        4
 Dispel Undead            Necr           0%         3d6       100%        4
 Flame Wave               Conj/Fire      0%         2d4       100%        4
 Ignite Poison            Fire/Alch      0%         N/A       100%        4
 Iskenderun's Mystic Bla  Conj/Tloc      0%         2d3       100%        4
 Martyr's Knell           Necr/Summ      0%         N/A       100%        4
 Olgreb's Toxic Radiance  Alch           0%         N/A       100%        4
 Sticky Flame             Fire/Alch      0%         2d4       100%        4
 Summon Blazeheart Golem  Fire/Summ      0%         N/A       100%        4
 Vhi's Electric Charge    Tloc/Air       0%         N/A       100%        4
 Alistair's Intoxication  Alch           0%         N/A       100%        5
 Arcjolt                  Conj/Air       0%         1d10      100%        5
 Borgnjor's Vile Clutch   Necr/Erth      0%         N/A       100%        5
 Curse of Agony           Necr           0%         N/A       100%        5
 Fireball                 Conj/Fire      0%         3d3       100%        5
 Iskenderun's Battlesphe  Conj           0%         2d6       100%        5
 Silence                  Hex/Air        0%         N/A       100%        5
 Bombard                  Conj/Erth      0%         9d1       100%        6
 Conjure Ball Lightning   Conj/Air       0%         3x3d6     100%        6
 Death Channel            Necr           0%         N/A       100%        6
 Eringya's Noxious Bog    Alch           0%         4d6       100%        6
 Plasma Beam              Fire/Air       0%         2x1d10    100%        6
 Sculpt Simulacrum        Ice/Alch       0%         N/A       100%        6
 Summon Cactus Giant      Summ           0%         N/A       100%        6
 Haunt                    Necr/Summ      0%         N/A       100%        7
 Malign Gateway           Summ/Tloc      0%         N/A       100%        7
 Orb of Destruction       Conj           0%         9d5       100%        7
 Ozocubu's Refrigeration  Ice            0%         4d7       100%        7
 Spellforged Servitor     Conj/Summ      0%         N/A       100%        7
 Summon Hydra             Summ           0%         N/A       100%        7
 Discord                  Hex            0%         N/A       100%        8
 Ignition                 Fire           0%         3d3       100%        8
 Infestation              Necr           0%         N/A       100%        8
 Summon Horrible Things   Summ           0%         N/A       100%        8
 Chain Lightning          Conj/Air       0%         N/A       100%        9


Dungeon Overview and Level Annotations

Branches:
Dungeon (15/15)            Temple (1/1) D:4            Lair (5/5) D:9
  Swamp (4/4) Lair:2        Snake (4/4) Lair:3        Slime (5/5) Lair:5
    Orc (2/2) D:10            Elf (3/3) Orc:2        Vaults (4/5) D:13
  Crypt (0/3) Vaults:2     Depths (4/4) D:15            Zot (5/5) Depths:4
  Sewer (visited)          Bailey (visited)           IceCv (visited)
Volcano (visited)         Gauntlet (visited)

Altars:
Ashenzari
Cheibriados
Dithmenos
Elyvilon
Fedhas
Gozag
Hepliaklqana
Kikubaaqudgha
Makhleb
Nemelex Xobeh
Okawaru
Qazlal
Ru
Sif Muna
Trog
Uskayaw
Vehumet
Wu Jian
Xom
Yredelemnul
Zin
The Shining One
Jiyva

Shops:
D:4 (   D:9 *   D:13 =   D:15 !*?*?   Orc:1 !   Orc:2 *=([   Snake:1 ?(*
Snake:4 =:=   Vaults:3 :(   Vaults:4 (   Depths:2 [

Portals:
Hell: Depths:1 Depths:2 Depths:3 Depths:4
Abyss: Depths:3
Pandemonium: Depths:2*
Ziggurat: Depths:1

Annotations:
Zot:2 3 runed translucent doors, Miridwoatt's ghost, master GnFi


Innate Abilities, Weirdness & Mutations

You have a pair of horns on your head.
You reflexively headbutt those who attack you in melee.
You are clumsy. (Dex -2)
Armour fits poorly on your strangely shaped body.
Your body sometimes deteriorates upon taking damage.
Your spells are a little easier to cast, but a little less powerful.
You occasionally lose the ability to drink potions when taking damage.
You occasionally lose the ability to read scrolls when taking damage.
You expend magic power (3 MP) to strengthen your wands.


Message History

Riokudgh completely misses Woteydy.
Woteydy hits you!! Woteydy burns you.
You completely miss Woteydy.
Woteydy is lightly wounded.
Riokudgh completely misses Woteydy.
Woteydy hits you but does no damage.
You completely miss Woteydy.
Woteydy is lightly wounded.
Riokudgh completely misses Woteydy.
You barely miss Woteydy. Your headbutt misses Woteydy.
Woteydy is lightly wounded.
Woteydy hits you but does no damage.
You hit Woteydy but do no damage. Your headbutt misses Woteydy.
Woteydy is lightly wounded.
Riokudgh misses Woteydy.
Woteydy hits you but does no damage.
You completely miss Woteydy. Your headbutt misses Woteydy.
Woteydy is lightly wounded.
Riokudgh hits Woteydy!!
Woteydy hits you but does no damage.
Blink to where?
Press: ? - help, Dir - move target, p - Woteydy
As you read the scroll of blinking, it crumbles to dust.
Riokudgh closely misses Woteydy.
Woteydy hits Riokudgh!!!
Woteydy burns Riokudgh.
Aiming: Dig
Press: ? - help, Shift-Dir - straight line, f - you Please select a direction to dig.
This square is covered in magical glow.
You feel a surge of power!
The rock shatters into small pieces.
Riokudgh completely misses Woteydy.
Woteydy hits Riokudgh!!!
Riokudgh hits Woteydy!!!
Woteydy hits Riokudgh but does no damage.
Something hits Riokudgh but does no damage.
Aiming: Dig
Press: ? - help, Shift-Dir - straight line, f - you Please select a direction to dig.
This square is covered in magical glow.
You feel a surge of power!
The rock shatters into small pieces.
Riokudgh hits Woteydy!!!
Something hits Riokudgh.
There is a staircase leading out of the dungeon here.
What are your orders? t - Shout!
Orders for allies: a - Attack new target. r - Retreat! s - Stop attacking. g - Guard the area. f - Follow me.
Anything else - Cancel.
Gang up on whom?
Press: ? - help, Dir - move target, f - Woteydy
Aim: Woteydy, armed with a flaming touch (heavily wounded, ally target) Attack!
Riokudgh misses Woteydy.
Riokudgh completely misses Woteydy.
Riokudgh hits Woteydy!
You have escaped!

##......#.# ########........#
####...##.# #........######.#
####....#.# #.######## #.##
..........### #.# ##.##
#####...###.## #.# #..†.
#..##[.#.###### ##.#. #
#..#.####⌠...⌠############.#. #
#..#..###.....#............#.
#####.#....##.>.@.#.###........#.
......#.##.##.....#.###........#.
......#.##.##⌠...⌠#.#............
......#....#####.##.#.#....>.....
###.#.......##.#..#..............
# #.#.......##..&................
# #.#...#.####.&.................
#.#...#.# ##.#.......#..##....
###.#...#.# #.##...).##..##....


You could see Woteydy (ally target) and the friendly Riokudgh (summoned).

Vanquished Creatures
  A dread lich (Zot:4)
  Tiamat (Zot:1)
  Mara (Depths:1)
  6 orbs of fire
  2 ancient liches
  2 Killer Klowns
  the Lernaean hydra (Swamp:4)
  6 curse toes
  A caustic shrike (Slime:5)
  6 golden dragons
  Nikola (Swamp:2)
  2 electric golems
  13 tentacled monstrosities
  A Hell Sentinel (Zot:1)
  The ghost of Miman the Metamorph, an adept OpSh of Wu Jian (Elf:2)
  A walking earthen tome (Depths:4)
  Rupert (Lair:5)
  2 liches
  25 Orb Guardians
  3 deep elf master archers (Elf:3)
  11 death cobs
  A walking frostbound tome (Depths:4)
  4 deep elf blademasters (Elf:3)
  8 quicksilver dragons
  3 acid blobs (Slime:5)
  3 sphinxes
  Gastronok (Lair:1)
  4 shadow dragons
  Agnes (Snake:4)
  9 storm dragons
  4 tentacled starspawn (Abyss:2)
  2 thorn hunters (Swamp:3)
  A demonspawn warmonger (D:8)
  5 azure jellies
  3 nagarajas
  Aizul (Snake:4)
  14 rockslimes
  3 tengu reavers
  Donald (Orc:2)
  5 draconian monks
  4 protean progenitors
  5 fire giants
  11 frost giants
  8 draconian scorchers
  2 draconian shifters
  3 fenstrider witches
  8 draconian knights
  12 vault wardens
  5 deep elf sorcerers
  4 ghost moths
  3 deep elf elementalists
  2 orc warlords (Vaults:4)
  2 balrugs (Depths:1)
  A juggernaut zombie (Depths:2)
  5 draconian annihilators
  13 ironbound preservers
  A spriggan defender (Depths:2)
  2 quicksilver oozes (Slime:5)
  A reaper (Depths:3)
  2 broodmothers (Zot:4)
  9 formless jellyfish
  3 draconian stormcallers
  A demonspawn corrupter (D:8)
  13 very ugly things
  12 stone giants
  3 vampire knights
  5 ironbound thunderhulks
  A lorocyproca (Zot:1)
  8 green draconians
  10 deep elf death magi
  3 eleionomae
  5 red draconians
  10 black draconians
  3 war gargoyles (Vaults:1)
  12 purple draconians
  3 deep elf annihilators (Elf:3)
  3 bunyips
  4 deep elf demonologists
  A minotaur (Gauntlet)
  14 dire elephants
  11 spark wasps
  17 white draconians
  Azrael (Snake:1)
  7 yellow draconians
  4 deep elf high priests
  7 fire dragons
  9 ettins
  A crystal guardian (Vaults:1)
  A shambling mangrove (Swamp:3)
  8 yaktaur captains
  2 merfolk impalers (Depths:3)
  10 rakshasas
  Erolcha (Orc:1)
  5 great orbs of eyes
  6 ice dragons
  An entropy weaver (Vaults:3)
  2 peacekeepers (Vaults:1)
  20 hydras
  4 salamander tyrants
  3 ghost crabs
  4 vault guards
  An ogre mage (D:13)
  2 hell beasts (Depths:1)
  13 anacondas
  An alligator (Swamp:1)
  4 spriggan air magi
  3 boulder beetles
  11 ironbound frosthearts
  14 centaur warriors
  4 satyrs (Zot:2)
  7 tengu warriors
  6 deep troll earth magi
  9 two-headed ogres
  18 dancing weapons
  3 vampire magi
  A hell hog (Depths:1)
  23 naga warriors
  3 thrashing horrors (Abyss:2)
  Urug (Lair:5)
  3 occultists
  3 deep troll shamans
  10 shock serpents
  A storm dragon zombie (Vaults:2)
  6 spriggan berserkers
  21 deep elf knights
  7 naga sharpshooters
  5 sun demons
  9 salamander mystics
  4 glowing orange brains
  7 iron trolls
  2 wretched stars (Abyss:2)
  A storm dragon skeleton (Depths:1)
  The ghost of gelatine the Chopper, a novice DsFi of Yredelemnul (D:7)
  5 skysharks
  6 goliath frogs
  18 swamp dragons
  A golden dragon zombie (Depths:2)
  9 arcanists
  4 bog bodies
  8 mana vipers
  3 sea snakes
  A shadow demon (Snake:1)
  A flayed ghost (Depths:1)
  7 naga ritualists
  42 deep trolls
  3 spriggan druids
  12 lindwurms
  An obsidian statue (Zot:5)
  13 deep elf archers
  12 ironbound convokers
  4 phantasmal warriors
  10 orc knights
  9 necromancers
  A frost giant zombie (Depths:2)
  20 deep elf zephyrmancers
  An iron dragon zombie (Depths:1)
  23 deep elf pyromancers
  4 shining eyes
  5 will-o-the-wisps
  2 orc sorcerers
  A wolf spider (D:15)
  6 manticores
  3 worldbinders (Abyss:2)
  48 ugly things
  Maurice (D:8)
  24 elephants
  11 guardian serpents
  A large abomination (Abyss:2)
  24 moths of wrath
  32 salamanders
  7 cyclopes
  An elephant (shapeshifter) (Depths:4)
  4 meliai
  37 black mambas
  A water nymph (D:15)
  3 kobold blastminers (Orc:2)
  4 molten gargoyles (D:10)
  16 vault sentinels
  18 naga magi
  2 ice statues (IceCv)
  A torpor snail (Lair:4)
  4 gargoyles
  12 cane toads
  A hellion (Depths:3)
  An unseen horror (D:12)
  2 rime drakes
  2 efreet
  A rime drake (shapeshifter) (D:15)
  3 kobold demonologists
  An elf skeleton (Vaults:4)
  A freezing wraith (Vaults:1)
  3 komodo dragons
  4 tengu conjurers
  A tormentor (D:9)
  2 yaktaur skeletons (Vaults:4)
  24 yaktaurs
  An ancient zyme (Abyss:2)
  A spriggan skeleton (Depths:1)
  7 trolls
  5 hellwings
  A polar bear (shapeshifter) (Elf:3)
  A queen bee (Snake:2)
  10 polar bears
  12 hornets
  A tarantella (shapeshifter) (D:15)
  8 tyrant leeches
  A blink frog (Orc:1)
  A dream sheep (Lair:5)
  A glass eye (Depths:2)
  A snapping turtle (Slime:5)
  An ettin zombie (Vaults:2)
  3 wraiths (Orc:1)
  A centaur simulacrum (D:15)
  3 air elementals
  73 slime creatures
  A wyvern (shapeshifter) (D:14)
  22 spriggans
  A shadow (D:12)
  A ynoxinul (Abyss:2)
  15 water elementals
  3 hogs (D:11)
  8 fire elementals
  A vampire (D:10)
  8 wyverns
  A dire elephant simulacrum (IceCv)
  11 golden eyes
  59 yaks
  A human (D:11)
  A human (shapeshifter) (D:14)
  A basilisk (Lair:2)
  A neqoxec (Gauntlet)
  A hog (shapeshifter) (D:13)
  7 vampire mosquitoes
  Menkaure (D:5)
  4 wargs
  4 steam dragons
  3 chaos spawn (Gauntlet)
  An ogre zombie (Vaults:2)
  A glowing shapeshifter zombie (Vaults:2)
  53 nagas
  4 hell hounds
  An acid dragon (D:13)
  14 swamp worms
  17 water moccasins
  A glowing shapeshifter skeleton (Depths:1)
  A hydra simulacrum (IceCv)
  20 orc warriors
  2 ice beasts (D:7)
  A redback (shapeshifter) (Depths:3)
  8 swamp drakes (Swamp:4)
  A sky beast (D:7)
  9 black bears
  3 laughing skulls (Abyss:2)
  4 ogres
  A crocodile (D:8)
  7 boggarts
  25 wolves
  11 centaurs
  An orc skeleton (Vaults:1)
  3 human skeletons
  5 kobold brigands
  5 weeping skulls (Abyss:2)
  21 bullfrogs
  3 gnoll sergeants (D:7)
  2 brain worms (Abyss:2)
  An earth elemental (Elf:1)
  3 human zombies
  A glowing shapeshifter simulacrum (Vaults:2)
  6 wights
  20 killer bees
  9 electric eels
  5 howler monkeys
  3 bombardier beetles
  13 orc priests
  4 hounds
  An iron imp (Abyss:2)
  A jelly (D:6)
  A starcursed mass (Abyss:2)
  A sleepcap (D:6)
  4 iguanas
  An iguana (shapeshifter) (Elf:3)
  21 orc wizards
  2 polar bear simulacra (IceCv)
  A wolf simulacrum (IceCv)
  23 gnolls
  13 adders
  2 white imps
  4 ufetubi
  2 dart slugs
  3 ribbon worms
  85 orcs
  9 endoplasms
  4 giant cockroaches
  17 goblins
  14 hobgoblins
  6 jackals
  21 kobolds
  6 quokkas
  24 ball pythons
  4 bats
  8 frilled lizards
  26 rats
  6 starspawn tentacles (Abyss:2)
2125 creatures vanquished.

Vanquished Creatures (collateral kills)
  An ancient lich (Zot:5)
  A juggernaut (Depths:2)
  Bai Suzhen (Depths:1)
  A Killer Klown (Zot:5)
  A profane servitor (Zot:1)
  Norris (Depths:1)
  An Orb Guardian (Zot:5)
  An Ice Fiend (Depths:4)
  A sphinx (Vaults:3)
  2 acid blobs (Slime:5)
  Frances (Elf:1)
  A death cob (Zot:5)
  A shadow dragon (Vaults:4)
  A tengu reaver (Depths:4)
  A storm dragon (Zot:5)
  Roxanne (D:14)
  2 fire giants
  2 azure jellies (Slime:5)
  A draconian shifter (Zot:3)
  3 vault wardens
  A draconian scorcher (Zot:3)
  An ironbound preserver (Vaults:3)
  A cacodemon (Depths:1)
  A stone giant (Vaults:4)
  A quicksilver ooze (Slime:5)
  2 dire elephants (Vaults:3)
  A black draconian (Zot:5)
  A war gargoyle (Vaults:3)
  2 red draconians (Zot:1)
  2 white draconians
  A yellow draconian (Zot:1)
  Snorg (Orc:1)
  A green death (Snake:1)
  4 ettins
  3 yaktaur captains
  A vault guard (Vaults:1)
  A spriggan air mage (Depths:1)
  3 centaur warriors (Vaults:3)
  A boulder beetle (shapeshifter) (Depths:1)
  2 ironbound frosthearts
  An anaconda (Snake:4)
  A tengu warrior (Depths:2)
  4 dancing weapons (Elf:2)
  A spriggan berserker (Depths:4)
  A soul eater (Depths:1)
  3 iron trolls (Depths:1)
  A deep elf knight (Elf:2)
  A skyshark (Slime:5)
  A sun demon (Depths:1)
  A salamander mystic (Snake:4)
  6 deep trolls
  2 mana vipers (Snake:4)
  A shadow demon (D:8)
  An arcanist (Vaults:3)
  An ironbound convoker (Vaults:4)
  An orc knight (Orc:1)
  A deep elf pyromancer (Elf:2)
  A deep elf zephyrmancer (Elf:2)
  6 cyclopes (Orc:2)
  A vault sentinel (Vaults:3)
  3 black mambas (Snake:4)
  A guardian serpent (Snake:1)
  An orange demon (Depths:1)
  3 yaktaurs
  A freezing wraith (IceCv)
  4 slime creatures
  A hell hound (Snake:1)
  6 orc warriors
  An ogre (Orc:2)
  An earth elemental (Elf:1)
  2 orc priests
  3 orc wizards
  5 orcs
124 creatures vanquished.

Vanquished Creatures (others)
  A dread lich (Zot:5)
  An electric golem (Zot:5)
  A draconian scorcher (Zot:3)
  A white draconian (Zot:5)
  2 purple draconians (Zot:5)
  A red draconian (Zot:3)
  A deep elf knight (Elf:2)
  A fire crab (Swamp:2)
  2 goliath frogs (Swamp:2)
  A spriggan druid (Swamp:2)
  3 deep elf pyromancers
  A salamander (Snake:2)
  2 will-o-the-wisps
  A cyclops (Swamp:2)
  A smoke demon (Depths:1)
  An elephant (Swamp:2)
  5 bloated husks
  3 swamp worms
  2 nagas
  An orc (D:7)
  7 fire vortices (Vaults:3)
  33 foxfires
  6 starspawn tentacles (Abyss:2)
78 creatures vanquished.

Grand Total: 2327 creatures vanquished

Notes
Turn   | Place    | Note
-------+----------+-------------------------------------------
     0 | D:1      | SlowGraham the Minotaur Fighter began the quest for the
                  | Orb.
     0 | D:1      | Reached XP level 1. HP: 19/19 MP: 0/0
   389 | D:1      | Reached XP level 2. HP: 25/27 MP: 1/1
  1075 | D:2      | Reached XP level 3. HP: 33/33 MP: 2/2
  1087 | D:2      | Found a faded altar of an unknown god.
  1187 | D:2      | Found a snail-covered altar of Cheibriados.
  1460 | D:2      | Reached XP level 4. HP: 37/40 MP: 3/3
  1815 | D:3      | Found a hide-covered altar of Uskayaw.
  1862 | D:3      | Reached XP level 5. HP: 28/47 MP: 4/4
  1864 | D:3      | Reached skill level 5 in Axes
  1941 | D:3      | Found Peamorry's Magic Scroll Shop.
  2486 | D:3      | Reached skill level 5 in Shields
  2491 | D:3      | Reached skill level 5 in Fighting
  2493 | D:3      | Reached XP level 6. HP: 20/56 MP: 5/5
  2652 | D:4      | Found Doah's Antique Weapon Shoppe.
  2760 | D:4      | Found a staircase to the Ecumenical Temple.
  2784 | Temple   | Entered the Ecumenical Temple
  2792 | Temple   | Became a worshipper of Nemelex Xobeh the Trickster
  3213 | D:4      | Reached skill level 1 in Dodging
  3213 | D:4      | Reached skill level 1 in Invocations
  3480 | D:5      | Entered Level 5 of the Dungeon
  3509 | D:5      | Noticed Menkaure
  3510 | D:5      | Reached XP level 7. HP: 61/61 MP: 5/7
  3533 | D:5      | Killed Menkaure
  3727 | D:5      | Reached skill level 2 in Invocations
  3800 | D:5      | Reached * piety under Nemelex Xobeh
  4271 | D:6      | Reached XP level 8. HP: 68/71 MP: 7/9
  4273 | D:6      | Reached skill level 3 in Invocations
  4327 | D:6      | Received a gift from Nemelex Xobeh
  4401 | D:6      | Found a glowing drain.
  4427 | Sewer    | Entered a sewer
  4762 | D:6      | Found a sacrificial altar of Ru.
  4849 | D:6      | Reached skill level 4 in Invocations
  5236 | D:6      | Reached ** piety under Nemelex Xobeh
  5484 | D:6      | Reached skill level 10 in Axes
  5690 | D:7      | Found a transporter.
  5789 | D:7      | Reached XP level 9. HP: 80/81 MP: 11/11
  5792 | D:7      | Found a stormy altar of Qazlal.
  6052 | D:7      | Reached skill level 5 in Invocations
  6055 | D:7      | Noticed a moth of wrath
  6088 | D:7      | Noticed a two-headed ogre
  6166 | D:7      | Found a bloodstained altar of Trog.
  6233 | D:7      | Reached skill level 5 in Armour
  6261 | D:7      | Noticed gelatine's ghost (novice DsFi)
  6265 | D:7      | Found a bloodstained altar of Trog.
  6270 | D:7      | Found a transporter.
  6352 | D:7      | Received a gift from Nemelex Xobeh
  6686 | D:8      | Noticed Maurice
  6692 | D:8      | Maurice stole 531 gold
  6695 | D:8      | Maurice stole a ring of protection from fire
  6696 | D:8      | Killed Maurice
  6818 | D:8      | Found a shadowy altar of Dithmenos.
  7222 | D:8      | Noticed Erica
  7223 | D:8      | Erica changed into Erica the crocodile
  7223 | D:8      | Noticed Erica
  7229 | D:8      | Killed Erica the crocodile
  7272 | D:8      | Reached XP level 10. HP: 86/90 MP: 13/13
  7287 | D:8      | Noticed a four-headed hydra
  7290 | D:8      | Noticed a two-headed ogre
  7296 | D:8      | Killed a two-headed ogre
  7306 | D:8      | a four-headed hydra changed into a two-headed ogre
  7306 | D:8      | Noticed a two-headed ogre
  7308 | D:8      | Killed a two-headed ogre
  7309 | D:8      | Reached skill level 6 in Invocations
  7577 | D:9      | Found Fabuck's Serpentskin Sales.
  7648 | D:9      | Reached *** piety under Nemelex Xobeh
  7711 | D:9      | Reached skill level 10 in Fighting
  7724 | D:9      | Found a staircase to the Lair.
  7763 | D:9      | Found a flagged portal.
  7776 | D:9      | Reached skill level 7 in Invocations
  7784 | Bailey   | Entered a bailey
  7784 | Bailey   | Received a gift from Nemelex Xobeh
  8100 | Bailey   | Noticed an orc knight
  8112 | Bailey   | Reached XP level 11. HP: 82/101 MP: 15/15
  8119 | Bailey   | Killed an orc knight
  8196 | Bailey   | Noticed an orc sorcerer
  8197 | Bailey   | Noticed a soul eater
  8199 | Bailey   | Paralysed by an orc sorcerer for 5 turns
  8217 | Bailey   | Killed an orc sorcerer
  8292 | Bailey   | Acquired a manual of Armour
  8502 | Bailey   | Found an iron altar of Okawaru.
  8546 | Bailey   | Identified the +6 dagger of Goukange {drain, Fly rElec rN+
                  | Int-5}
  8740 | D:9      | Noticed a two-headed ogre
  8754 | D:9      | Killed a two-headed ogre
  9158 | D:9      | Reached skill level 5 in Dodging
  9197 | D:10     | Entered Level 10 of the Dungeon
  9210 | D:10     | Noticed an orc knight
  9222 | D:10     | Received a gift from Nemelex Xobeh
  9229 | D:10     | Found a staircase to the Orcish Mines.
  9249 | D:10     | an orc knight changed into a cane toad
  9472 | D:10     | Reached skill level 8 in Invocations
  9749 | D:10     | Found an ornate altar of the Wu Jian Council.
  9835 | D:10     | Found a radiant altar of Vehumet.
 10110 | D:10     | Found a burning altar of Makhleb.
 10225 | D:10     | Reached skill level 15 in Axes
 10365 | Lair:1   | Entered Level 1 of the Lair of Beasts
 10410 | Lair:1   | Noticed Gastronok
 10432 | Lair:1   | Killed Gastronok
 10492 | Lair:1   | Reached XP level 12. HP: 110/110 MP: 17/17
 10592 | Lair:1   | Reached **** piety under Nemelex Xobeh
 10683 | Lair:1   | Reached skill level 10 in Armour
 11214 | Lair:2   | Reached skill level 9 in Invocations
 11314 | Lair:2   | Noticed a six-headed hydra
 11327 | Lair:2   | Killed a one-headed hydra
 11567 | Lair:2   | Noticed a boulder beetle
 11602 | Lair:2   | Killed a boulder beetle
 11881 | Lair:2   | Noticed an eight-headed hydra
 11897 | Lair:2   | Killed a four-headed hydra
 11928 | Lair:2   | Found a staircase to the Swamp.
 12335 | Lair:3   | Reached skill level 10 in Invocations
 12491 | Lair:3   | Reached XP level 13. HP: 99/122 MP: 19/19
 12592 | Lair:3   | Found a staircase to the Snake Pit.
 12912 | Lair:3   | Received a gift from Nemelex Xobeh
 12914 | Lair:3   | Reached ***** piety under Nemelex Xobeh
 13286 | Lair:4   | Reached skill level 11 in Invocations
 13291 | Lair:4   | Reached skill level 15 in Armour
 13442 | Lair:4   | Received a gift from Nemelex Xobeh
 13756 | Lair:4   | You fall into a shaft and drop 1 floor!
 13756 | Lair:5   | Entered Level 5 of the Lair of Beasts
 13791 | Lair:5   | Found a viscous altar of Jiyva.
 13791 | Lair:5   | Found a staircase to the Slime Pits.
 14043 | Lair:5   | Reached skill level 15 in Fighting
 14084 | Lair:5   | Reached XP level 14. HP: 135/135 MP: 21/21
 14187 | Lair:4   | Received a gift from Nemelex Xobeh
 14698 | Lair:5   | Noticed Rupert
 14704 | Lair:5   | Paralysed by Rupert for 3 turns
 14720 | Lair:5   | Killed Rupert
 14721 | Lair:5   | Reached skill level 12 in Invocations
 14868 | Lair:5   | Noticed Urug
 14898 | Lair:5   | Killed Urug
 15823 | Orc:1    | Entered Level 1 of the Orcish Mines
 15824 | Orc:1    | Found a dark tunnel.
 15862 | Orc:1    | Identified the +0 trident "Virghais" {flame, Int+4}
 15876 | Orc:1    | Noticed Snorg
 15884 | Orc:1    | Killed Snorg
 15919 | Volcano  | Entered a volcano
 16231 | Orc:1    | Received a gift from Nemelex Xobeh
 16271 | Orc:1    | Found Daix's Distillery.
 16309 | Orc:1    | Bought a potion of curing for 36 gold pieces
 16309 | Orc:1    | Bought a potion of heal wounds for 60 gold pieces
 16309 | Orc:1    | Bought a potion of heal wounds for 60 gold pieces
 16520 | Orc:1    | Noticed Erolcha
 16530 | Orc:1    | Killed Erolcha
 16714 | Orc:2    | Entered Level 2 of the Orcish Mines
 16714 | Orc:2    | Found a staircase to the Elven Halls.
 16723 | Orc:2    | Noticed a stone giant
 16737 | Orc:2    | Found Faig's Antique Armour Shop.
 16744 | Orc:2    | Killed a stone giant
 16745 | Orc:2    | Reached skill level 13 in Invocations
 16752 | Orc:2    | Noticed Donald
 16760 | Orc:2    | Killed Donald
 16772 | Orc:2    | Found a gate leading to a gauntlet.
 16783 | Gauntlet | Entered a Gauntlet
 16783 | Gauntlet | Found a transporter.
 16787 | Gauntlet | Found a transporter.
 16790 | Gauntlet | Found a transporter.
 16795 | Gauntlet | Found a transporter.
 16804 | Gauntlet | Found a transporter.
 16805 | Gauntlet | Found a transporter.
 16810 | Gauntlet | Found a transporter.
 16816 | Gauntlet | Found a transporter.
 16819 | Gauntlet | Found a transporter.
 16823 | Gauntlet | Found a runed translucent door.
 16823 | Gauntlet | Found a runed translucent door.
 16824 | Gauntlet | Received a gift from Nemelex Xobeh
 16827 | Gauntlet | Found a transporter.
 16831 | Gauntlet | Found a transporter.
 16836 | Gauntlet | Found a transporter.
 16841 | Gauntlet | Found a transporter.
 16874 | Gauntlet | Found a transporter.
 16929 | Gauntlet | Reached skill level 10 in Dodging
 16959 | Gauntlet | Reached XP level 15. HP: 144/144 MP: 24/24
 17286 | Gauntlet | Identified the ring of Beogh's Generosity {rC+ Will+++
                  | AC+4}
 17305 | Gauntlet | Identified the +1 whip "Unosmung" {freeze, Dex+4}
 17420 | Orc:2    | Found Pait's Antique Weapon Boutique.
 17487 | Orc:2    | Found Jede's General Store.
 17556 | Orc:2    | Found Xyirarut's Jewellery Emporium.
 17607 | Orc:2    | Bought a potion of might for 64 gold pieces
 17853 | Orc:1    | Noticed Josephine
 17853 | Orc:1    | Received a gift from Nemelex Xobeh
 17862 | Abyss:2  | Cast into level 2 of the Abyss (Josephine)
 17899 | Abyss:2  | Reached ****** piety under Nemelex Xobeh
 17912 | Abyss:2  | Noticed a green draconian monk
 17915 | Abyss:2  | Killed a green draconian monk
 17966 | Abyss:2  | Noticed a bone dragon
 18013 | Abyss:2  | Received a gift from Nemelex Xobeh
 18118 | Abyss:2  | Noticed a tentacled starspawn
 18125 | Abyss:2  | Killed a tentacled starspawn
 18290 | Abyss:2  | Noticed a tentacled starspawn
 18293 | Abyss:2  | Noticed a tentacled starspawn
 18302 | Abyss:2  | Killed a tentacled starspawn
 18302 | Abyss:2  | Killed a tentacled starspawn
 18311 | Abyss:2  | Noticed a tentacled starspawn
 18324 | Abyss:2  | Killed a tentacled starspawn
 18325 | Abyss:2  | Reached skill level 14 in Invocations
 18327 | Orc:1    | Escaped the Abyss
 18330 | Orc:1    | Josephine changed into Josephine the warg
 18330 | Orc:1    | Noticed Josephine
 18334 | Orc:1    | Killed Josephine the warg
 18442 | Orc:1    | Bought a potion of invisibility for 96 gold pieces
 18442 | Orc:1    | Bought 2 potions of invisibility for 192 gold pieces
 18442 | Orc:1    | Bought a potion of invisibility for 96 gold pieces
 18442 | Orc:1    | Bought a potion of mutation for 96 gold pieces
 18512 | D:11     | Received a gift from Nemelex Xobeh
 19132 | D:11     | Received a gift from Nemelex Xobeh
 19701 | D:12     | Received a gift from Nemelex Xobeh
 19704 | D:12     | Found a frozen archway.
 19713 | IceCv    | Entered an ice cave
 19747 | IceCv    | Found a transporter.
 19761 | IceCv    | Found a transporter.
 19803 | IceCv    | Identified the ring of Barax {Ice rPois Str+2 Int-3 Dex+2}
 19924 | D:12     | Received a gift from Nemelex Xobeh
 20153 | D:12     | Received a gift from Nemelex Xobeh
 20162 | D:12     | Noticed a tengu reaver
 20310 | D:12     | Killed a tengu reaver
 20546 | D:12     | Identified the ring of Zizait {Will+ AC+4}
 20792 | D:13     | Received a gift from Nemelex Xobeh
 20881 | D:13     | Reached skill level 10 in Shields
 20922 | D:13     | Found a gate to the Vaults.
 20939 | D:13     | Found Ycvu's Jewellery Shoppe.
 21737 | D:13     | Got Cymev's Easy Mysticism
 21870 | D:14     | Received a gift from Nemelex Xobeh
 22097 | D:14     | Noticed Roxanne
 22788 | D:14     | Reached XP level 16. HP: 151/151 MP: 25/25
 22796 | D:14     | Identified the +1 trident of Lapuaw Macio {heavy, rPois
                  | SInv Stlth-}
 22813 | D:14     | Killed Roxanne
 22912 | D:15     | Entered Level 15 of the Dungeon
 22943 | D:15     | Found Kaloc's Distillery.
 22953 | D:15     | Bought a potion of haste for 140 gold pieces
 22953 | D:15     | Bought a potion of mutation for 112 gold pieces
 22953 | D:15     | Bought a potion of haste for 140 gold pieces
 22953 | D:15     | Bought a potion of heal wounds for 70 gold pieces
 22953 | D:15     | Bought a potion of haste for 140 gold pieces
 22953 | D:15     | Bought a potion of resistance for 140 gold pieces
 22953 | D:15     | Bought a potion of invisibility for 112 gold pieces
 22967 | D:15     | Received a gift from Nemelex Xobeh
 23117 | D:15     | Found a staircase to the Depths.
 23581 | D:15     | Found Onyshrio's Assorted Antiques.
 23583 | D:15     | Found Osaesyff's Magic Scroll Emporium.
 23588 | D:15     | Received a gift from Nemelex Xobeh
 23592 | D:15     | Bought a glowing cloak for 172 gold pieces
 23611 | D:15     | Reached skill level 15 in Invocations
 23616 | D:15     | Bought a scroll of blinking for 127 gold pieces
 23616 | D:15     | Bought a scroll of teleportation for 51 gold pieces
 23616 | D:15     | Bought a scroll of blinking for 127 gold pieces
 23616 | D:15     | Bought a scroll of fear for 68 gold pieces
 23755 | D:15     | Found Cevimp's Magic Scroll Emporium.
 23763 | D:15     | Bought a scroll of blinking for 127 gold pieces
 23879 | D:15     | Found Efyxitanab's Assorted Antiques.
 23887 | D:15     | Bought a coiled marble ring for 180 gold pieces
 23887 | D:15     | Identified the ring of Ignis's Grace {rN+ SInv} (You bought
                  | it in a shop on level 15 of the Dungeon)
 24241 | Swamp:1  | Entered Level 1 of the Swamp
 24547 | Swamp:1  | Received a gift from Nemelex Xobeh
 24799 | Swamp:1  | You fall into a shaft and drop 1 floor!
 25169 | Swamp:2  | Noticed Nikola
 25176 | Swamp:2  | Killed Nikola
 25383 | Swamp:2  | Received a gift from Nemelex Xobeh
 26132 | Swamp:3  | Received a gift from Nemelex Xobeh
 26379 | Swamp:3  | Noticed a thorn hunter
 26379 | Swamp:3  | Noticed a thorn hunter
 26391 | Swamp:3  | Killed a thorn hunter
 26406 | Swamp:3  | Killed a thorn hunter
 26428 | Swamp:3  | Identified the ring "Heofomes" {rCorr Slay+3}
 26618 | Swamp:3  | Reached skill level 16 in Invocations
 26618 | Swamp:3  | Reached XP level 17. HP: 134/158 MP: 26/28
 27075 | Swamp:4  | Entered Level 4 of the Swamp
 27088 | Swamp:4  | Noticed the 27-headed Lernaean hydra
 27403 | Swamp:4  | Received a gift from Nemelex Xobeh
 27418 | Swamp:4  | Reached skill level 15 in Shields
 27744 | Swamp:4  | Reached skill level 1 in Evocations
 27940 | Swamp:4  | Killed the 26-headed Lernaean hydra
 28027 | Swamp:4  | Got a decaying rune of Zot
 28677 | D:7      | Killed gelatine's ghost
 28841 | Snake:1  | Entered Level 1 of the Snake Pit
 28841 | Snake:1  | Noticed Azrael
 28853 | Snake:1  | Killed Azrael
 28861 | Snake:1  | Found a shimmering blue altar of Sif Muna.
 29128 | Snake:1  | Found a runed translucent door.
 29291 | Snake:1  | Identified the +3 leather armour of Kikubaaqudgha's Regard
                  | {rF+ Int+3}
 29295 | Snake:1  | Identified the +10 quarterstaff of Inquiry {freeze, Str+2
                  | Int+2}
 29420 | Snake:1  | Received a gift from Nemelex Xobeh
 29701 | Snake:1  | Reached skill level 17 in Invocations
 30096 | Snake:1  | Found Dytayn's General Store.
 30110 | Snake:1  | Found Ceq Heg's Weapon Shop.
 30110 | Snake:1  | Found Iwesec's Magic Scroll Emporium.
 30123 | Snake:1  | Bought a scroll of blinking for 112 gold pieces
 30123 | Snake:1  | Bought a scroll of summoning for 142 gold pieces
 30231 | Snake:2  | Received a gift from Nemelex Xobeh
 30853 | Snake:2  | Reached XP level 18. HP: 169/169 MP: 29/29
 30933 | Snake:2  | Received a gift from Nemelex Xobeh
 31662 | Snake:2  | Received a gift from Nemelex Xobeh
 31842 | Snake:2  | Found the necklace of Bloodlust {Fury *Rage Will++ Int-3
                  | Slay+6}
 32057 | Snake:3  | Reached skill level 1 in Throwing
 32949 | Snake:3  | Received a gift from Nemelex Xobeh
 33414 | Snake:4  | Entered Level 4 of the Snake Pit
 33550 | Snake:4  | Reached skill level 18 in Invocations
 33662 | Snake:4  | Reached skill level 5 in Evocations
 33756 | Snake:4  | Noticed Agnes
 33767 | Snake:4  | Killed Agnes
 34064 | Snake:4  | Found Fionkius's Jewellery Shop.
 34064 | Snake:4  | Found Xeniyb's Book Shoppe.
 34065 | Snake:4  | Found Mafuoth's Jewellery Shop.
 34080 | Snake:4  | Bought the amulet "Kaosoa" {rElec rF+ Will- Regen+ Dex+3
                  | Stlth+} for 1173 gold pieces
 34153 | Snake:4  | Identified the serpent talisman of the Merchant {Fly rN+
                  | Dex+3}
 34153 | Snake:4  | Noticed Aizul
 34169 | Snake:4  | Killed Aizul
 34503 | Snake:4  | Received a gift from Nemelex Xobeh
 34794 | Snake:4  | Identified the +1 trident of Bursted Judgement {flame, rF++
                  | rC- rN+ Dex+4}
 34798 | Snake:4  | Reached skill level 5 in Throwing
 34813 | Snake:4  | Reached XP level 19. HP: 108/179 MP: 31/31
 34822 | Snake:4  | Got a serpentine rune of Zot
 35302 | Vaults:1 | Entered Level 1 of the Vaults
 35868 | Vaults:1 | Received a gift from Nemelex Xobeh
 36609 | Vaults:1 | Received a gift from Nemelex Xobeh
 36683 | Vaults:1 | Reached skill level 19 in Invocations
 37102 | Vaults:2 | Found a staircase to the Crypt.
 37750 | Vaults:2 | Received a gift from Nemelex Xobeh
 38111 | Vaults:2 | Reached XP level 20. HP: 162/187 MP: 32/32
 38213 | Vaults:2 | Reached skill level 1 in Ranged Weapons
 38540 | Vaults:3 | Found Boreid's Book Shop.
 39240 | Vaults:3 | Found Zione's Weapon Boutique.
 39284 | Vaults:3 | Reached skill level 5 in Ranged Weapons
 39455 | Vaults:4 | Received a gift from Nemelex Xobeh
 39461 | Vaults:4 | Reached skill level 20 in Invocations
 40228 | Vaults:4 | Reached XP level 21. HP: 179/199 MP: 34/34
 40294 | Vaults:4 | Paralysed by a formless jellyfish for 1 turns
 40302 | Vaults:4 | Paralysed by a formless jellyfish for 1 turns
 40482 | Vaults:4 | Found Nymoclub's Weapon Shoppe.
 40705 | Vaults:4 | Received a gift from Nemelex Xobeh
 41224 | Elf:1    | Entered Level 1 of the Elven Halls
 41278 | Elf:1    | Noticed Zenata
 41287 | Elf:1    | Zenata changed into Zenata the moth of wrath
 41287 | Elf:1    | Noticed Zenata
 41293 | Elf:1    | Killed Zenata the moth of wrath
 41326 | Elf:1    | Noticed Frances
 41336 | Elf:1    | Killed Frances
 41627 | Elf:1    | Reached skill level 21 in Invocations
 41658 | Elf:1    | Received a gift from Nemelex Xobeh
 41685 | Elf:1    | Acquired a manual of Throwing
 41808 | Elf:1    | Identified the +12 shortbow of Action {elec, *Corrode Str+3
                  | Stlth+}
 42228 | Elf:2    | Reached skill level 10 in Ranged Weapons
 42248 | Elf:2    | Found a runed translucent gate.
 42249 | Elf:2    | Found a runed translucent gate.
 42258 | Elf:2    | Found a runed translucent gate.
 42282 | Elf:2    | Paralysed by an air elemental for 1 turns
 42379 | Elf:2    | Found a runed translucent door.
 42379 | Elf:2    | Found a shimmering altar of Xom.
 42379 | Elf:2    | Noticed Miman's ghost (adept OpSh)
 42380 | Elf:2    | Identified the +9 great sword of the End {chaos, rN++}
 42404 | Elf:2    | Killed Miman's ghost
 42816 | Elf:2    | Received a gift from Nemelex Xobeh
 43121 | Elf:3    | Entered Level 3 of the Elven Halls
 43203 | Elf:3    | Paralysed by an air elemental for 1 turns
 43205 | Elf:3    | Paralysed by an air elemental for 1 turns
 43209 | Elf:3    | Reached skill level 10 in Throwing
 43209 | Elf:3    | Paralysed by an air elemental for 1 turns
 43225 | Elf:3    | Identified the +2 robe of Qazlal's Reproof {rF+ Str+4
                  | Stlth+}
 43711 | Elf:3    | Received a gift from Nemelex Xobeh
 43871 | Elf:3    | Identified the ring "Maopt" {rF+ EV+5 SInv}
 44081 | Elf:3    | Reached XP level 22. HP: 119/210 MP: 35/35
 44191 | Elf:3    | Identified the ring "Junorarch" {Fire Dex+5 SInv}
 44396 | Elf:3    | Identified the +4 quarterstaff of Vodka {antimagic, rElec
                  | Str+2 Stlth-}
 44400 | Elf:3    | Identified the +4 short sword of Ownoff {drain, rC+ Will+
                  | rCorr Dex+3}
 44495 | Elf:3    | Identified the ring "Osuogh" {Int+6 Dex+5}
 44568 | Elf:3    | Got the Vademecum on Fog
 44586 | Elf:3    | Identified the staff of the Swamp {rPois Will+ Str-3 Earth
                  | Alchemy}
 44596 | Elf:3    | Identified the staff "Epyecuj" {*Corrode rF+ Dex+3 SInv
                  | Earth}
 44994 | D:15     | Bought a scroll of enchant weapon for 127 gold pieces
 44994 | D:15     | Bought a scroll of revelation for 127 gold pieces
 45025 | D:15     | Bought a scroll of fog for 68 gold pieces
 45025 | D:15     | Bought a scroll of fog for 68 gold pieces
 45025 | D:15     | Bought a scroll of enchant armour for 127 gold pieces
 45025 | D:15     | Bought a scroll of brand weapon for 161 gold pieces
 45072 | Depths:1 | Entered Level 1 of the Depths
 45097 | Depths:1 | Noticed Norris
 45125 | Depths:1 | Killed Norris
 45145 | Depths:1 | Noticed Bai Suzhen
 45177 | Depths:1 | Killed Bai Suzhen
 45178 | Depths:1 | Reached skill level 22 in Invocations
 45326 | Depths:1 | Found a one-way gateway to a ziggurat.
 45381 | Depths:1 | Noticed Mara
 45421 | Depths:1 | Noticed SlowGraham's illusion
 45426 | Depths:1 | Killed Mara
 45479 | Depths:1 | Found a radiant altar of Vehumet.
 45814 | Depths:1 | Found a gateway to Hell.
 46540 | Depths:2 | Received a gift from Nemelex Xobeh
 47324 | Depths:2 | Received a gift from Nemelex Xobeh
 47372 | Depths:2 | Found Nishiy's Armour Emporium.
 47443 | Depths:2 | Found a one-way gate leading to the halls of Pandemonium.
 47647 | Depths:2 | Reached XP level 23. HP: 198/220 MP: 37/37
 47654 | Depths:2 | Noticed a juggernaut
 47665 | Depths:2 | Killed a juggernaut
 48539 | Depths:3 | Received a gift from Nemelex Xobeh
 48604 | Depths:3 | Reached skill level 23 in Invocations
 48716 | Depths:3 | Found a one-way gate to the infinite horrors of the Abyss.
 49303 | Depths:3 | Received a gift from Nemelex Xobeh
 49882 | Depths:4 | Entered Level 4 of the Depths
 49914 | Depths:3 | Reached skill level 15 in Ranged Weapons
 50175 | Depths:4 | Received a gift from Nemelex Xobeh
 50203 | Depths:4 | Identified the +1 trident "Qybick" {drain, rPois Will-
                  | Str+3 Dex+2}
 50225 | Depths:4 | Found a gate to the Realm of Zot.
 50834 | Depths:4 | Received a gift from Nemelex Xobeh
 51019 | Depths:4 | Found an ancient bone altar of Kikubaaqudgha.
 51483 | Slime:1  | Entered Level 1 of the Pits of Slime
 51625 | Slime:3  | Gained mutation: Your body sometimes deteriorates upon
                  | taking damage. [a shining eye]
 51627 | Slime:3  | Gained mutation: You sometimes lose your temper in combat.
                  | [a shining eye]
 51639 | Slime:4  | Received a gift from Nemelex Xobeh
 51665 | Slime:4  | Lost mutation: You sometimes lose your temper in combat.
                  | [potion of mutation]
 51665 | Slime:4  | Lost mutation: Your body sometimes deteriorates upon taking
                  | damage. [potion of mutation]
 51665 | Slime:4  | Gained mutation: You are weak. (Str -2) [potion of
                  | mutation]
 51665 | Slime:4  | Gained mutation: You are partially covered in iridescent
                  | scales. (AC +2) [potion of mutation]
 51665 | Slime:4  | Gained mutation: You expend magic power (3 MP) to
                  | strengthen your wands. [potion of mutation]
 51665 | Slime:4  | Gained mutation: Your movements are slightly less
                  | encumbered by armour. (ER -2) [potion of mutation]
 51688 | Slime:5  | Entered Level 5 of the Pits of Slime
 51719 | Slime:5  | Lost mutation: Your movements are slightly less encumbered
                  | by armour. (ER -2) [a shining eye]
 51721 | Slime:5  | Gained mutation: You occasionally shout uncontrollably at
                  | your foes. [a shining eye]
 51723 | Slime:5  | Gained mutation: Your magical capacity is low. (-10% MP) [a
                  | shining eye]
 51725 | Slime:5  | Paralysed by a formless jellyfish for 1 turns
 51725 | Slime:5  | Gained mutation: You frequently scream uncontrollably at
                  | your foes. [a shining eye]
 51727 | Slime:5  | Gained mutation: Your health recovers twice as slowly from
                  | being drained. [a shining eye]
 51735 | Slime:5  | Found a viscous altar of Jiyva.
 51761 | Slime:5  | Noticed the Royal Jelly
 51763 | Slime:5  | the Royal Jelly changed into a caustic shrike shaped Royal
                  | Jelly
 51763 | Slime:5  | Noticed a caustic shrike shaped Royal Jelly
 51764 | Slime:5  | Killed a caustic shrike shaped Royal Jelly
 51842 | Slime:5  | Identified the +1 war axe "Duas" {antimagic, rElec}
 51881 | Slime:5  | Got a slimy rune of Zot
 51883 | Slime:5  | Identified the ring of Gayvvid {rPois Str+6 Int+3}
 51885 | Slime:5  | Got a starry gem with 247 turns to spare
 51942 | Slime:5  | Identified the staff of Collusion {rN+ rCorr Int-3 Dex-5
                  | Necro Fire}
 51958 | Slime:5  | Identified the +8 hand axe "Toicwol" {flame, ^Drain rN+
                  | Will++ Str-3}
 51960 | Slime:5  | Identified the +7 war axe of Ihaot {speed, rElec rF+ rN+
                  | Stlth+}
 52680 | Zot:1    | Entered Level 1 of the Realm of Zot
 52680 | Zot:1    | Noticed a curse toe
 52703 | Zot:1    | Killed a curse toe
 52704 | Zot:1    | Reached skill level 15 in Throwing
 52932 | Zot:1    | Received a gift from Nemelex Xobeh
 53321 | Zot:1    | Received a gift from Nemelex Xobeh
 53383 | Zot:1    | Reached skill level 24 in Invocations
 53527 | Zot:1    | Found the +4 dragonskin cloak
 53527 | Zot:1    | Noticed Tiamat
 53575 | Zot:1    | Killed Tiamat
 53576 | Zot:1    | Reached XP level 24. HP: 79/231 MP: 25/34
 54482 | Zot:2    | Noticed Miridwoatt's ghost (master GnFi)
 54483 | Zot:2    | Found a runed translucent gate.
 54483 | Zot:2    | Found a runed translucent gate.
 54484 | Zot:2    | Found a runed translucent gate.
 54550 | Zot:2    | Received a gift from Nemelex Xobeh
 55178 | Zot:3    | Noticed a Killer Klown
 55937 | Zot:3    | Killed a Killer Klown
 56563 | Zot:3    | Received a gift from Nemelex Xobeh
 56953 | Zot:4    | Received a gift from Nemelex Xobeh
 57794 | Zot:4    | Reached skill level 25 in Invocations
 58483 | Zot:4    | Received a gift from Nemelex Xobeh
 59043 | Zot:5    | Entered Level 5 of the Realm of Zot
 59098 | Zot:5    | Reached XP level 25. HP: 184/243 MP: 23/34
 59790 | Zot:5    | Noticed a dread lich
 59790 | Zot:5    | Noticed an orb of fire
 59790 | Zot:5    | Noticed a dread lich
 59790 | Zot:5    | Noticed an orb of fire
 59790 | Zot:5    | Noticed a Killer Klown
 59790 | Zot:5    | Noticed an ancient lich
 59790 | Zot:5    | Noticed an ancient lich
 59798 | Zot:5    | Reached skill level 10 in Evocations
 59798 | Zot:5    | Gained mutation: Your body sometimes deteriorates upon
                  | taking damage. [an orb of fire]
 59799 | Zot:5    | Gained mutation: You occasionally lose the ability to drink
                  | potions when taking damage. [an orb of fire]
 59799 | Zot:5    | Killed a Killer Klown
 59802 | Zot:5    | Gained mutation: You do not regenerate when monsters are
                  | visible. [an orb of fire]
 59805 | Zot:5    | Noticed an orb of fire
 59805 | Zot:5    | Killed a dread lich
 59807 | Zot:5    | Identified the +0 quarterstaff of the Sneaky Runes {freeze,
                  | rN+}
 59810 | Zot:5    | Killed an ancient lich
 59819 | Zot:5    | Noticed an orb of fire
 59819 | Zot:5    | Noticed an orb of fire
 59819 | Zot:5    | Gained mutation: You sometimes lose your temper in combat.
                  | [an orb of fire]
 59820 | Zot:5    | Noticed an ancient lich
 59820 | Zot:5    | Noticed an orb of fire
 60067 | Zot:5    | Lost mutation: You are partially covered in iridescent
                  | scales. (AC +2) [potion of mutation]
 60067 | Zot:5    | Lost mutation: You sometimes lose your temper in combat.
                  | [potion of mutation]
 60067 | Zot:5    | Lost mutation: You frequently scream uncontrollably at your
                  | foes. [potion of mutation]
 60067 | Zot:5    | Lost mutation: You do not regenerate when monsters are
                  | visible. [potion of mutation]
 60067 | Zot:5    | Gained mutation: You are very weak. (Str -4) [potion of
                  | mutation]
 60068 | Zot:5    | Lost mutation: You occasionally shout uncontrollably at
                  | your foes. [potion of mutation]
 60068 | Zot:5    | Lost mutation: You occasionally lose the ability to drink
                  | potions when taking damage. [potion of mutation]
 60068 | Zot:5    | Lost mutation: You expend magic power (3 MP) to strengthen
                  | your wands. [potion of mutation]
 60068 | Zot:5    | Gained mutation: You occasionally shout uncontrollably at
                  | your foes. [potion of mutation]
 60068 | Zot:5    | Lost mutation: You are very weak. (Str -4) [potion of
                  | mutation]
 60085 | Zot:5    | Gained mutation: You occasionally lose the ability to read
                  | scrolls when taking damage. [an orb of fire]
 60092 | Zot:5    | Gained mutation: You have hidden genetic defects. [an orb
                  | of fire]
 60094 | Zot:5    | Gained mutation: You frequently scream uncontrollably at
                  | your foes. [an orb of fire]
 60095 | Zot:5    | Killed an orb of fire
 60123 | Zot:5    | Noticed a Killer Klown
 60138 | Zot:5    | Killed a Killer Klown
 60160 | Zot:5    | Gained mutation: You are clumsy. (Dex -2) [an orb of fire]
 60181 | Zot:5    | Gained mutation: You occasionally lose the ability to drink
                  | potions when taking damage. [an orb of fire]
 60182 | Zot:5    | Gained mutation: Your body often deteriorates upon taking
                  | damage. [an orb of fire]
 60188 | Zot:5    | Gained mutation: You are frail. (-10% HP) [an orb of fire]
 60189 | Zot:5    | Killed an orb of fire
 60439 | Zot:4    | Gained mutation: You are very clumsy. (Dex -4) [an orb of
                  | fire]
 60452 | Zot:4    | Gained mutation: You sometimes lose your temper in combat.
                  | [an orb of fire]
 60455 | Zot:4    | Gained mutation: Armour fits poorly on your strangely
                  | shaped body. [an orb of fire]
 60458 | Zot:4    | Gained mutation: You sometimes lose the ability to drink
                  | potions when taking damage. [an orb of fire]
 60474 | Zot:4    | Killed an orb of fire
 60480 | Zot:4    | Lost mutation: Your body often deteriorates upon taking
                  | damage. [potion of mutation]
 60480 | Zot:4    | Lost mutation: Your magical capacity is low. (-10% MP)
                  | [potion of mutation]
 60480 | Zot:4    | Lost mutation: You are very clumsy. (Dex -4) [potion of
                  | mutation]
 60481 | Zot:4    | Lost mutation: You have hidden genetic defects. [potion of
                  | mutation]
 60481 | Zot:4    | Lost mutation: You are frail. (-10% HP) [potion of
                  | mutation]
 60481 | Zot:4    | Lost mutation: You frequently scream uncontrollably at your
                  | foes. [potion of mutation]
 60482 | Zot:4    | Lost mutation: You occasionally shout uncontrollably at
                  | your foes. [potion of mutation]
 60482 | Zot:4    | Lost mutation: Armour fits poorly on your strangely shaped
                  | body. [potion of mutation]
 60482 | Zot:4    | Lost mutation: You are weak. (Str -2) [potion of mutation]
 60482 | Zot:4    | Gained mutation: Your spells are a little harder to cast,
                  | but a little more powerful. [potion of mutation]
 60482 | Zot:4    | Gained mutation: You expend magic power (3 MP) to
                  | strengthen your wands. [potion of mutation]
 60483 | Zot:4    | Lost mutation: You sometimes lose your temper in combat.
                  | [potion of mutation]
 60483 | Zot:4    | Lost mutation: You sometimes lose the ability to drink
                  | potions when taking damage. [potion of mutation]
 60483 | Zot:4    | Lost mutation: Your health recovers twice as slowly from
                  | being drained. [potion of mutation]
 60565 | Zot:4    | Killed a dread lich
 60579 | Zot:4    | Killed an ancient lich
 60597 | Zot:5    | Gained mutation: You are frail. (-10% HP) [an orb of fire]
 60600 | Zot:5    | Lost mutation: Your spells are a little harder to cast, but
                  | a little more powerful. [an orb of fire]
 60631 | Zot:4    | Gained mutation: Your spells are a little easier to cast,
                  | but a little less powerful. [an orb of fire]
 60632 | Zot:4    | Lost mutation: You are frail. (-10% HP) [an orb of fire]
 60643 | Zot:4    | Killed an orb of fire
 60740 | Zot:4    | Gained mutation: Armour fits poorly on your strangely
                  | shaped body. [an orb of fire]
 60772 | Zot:4    | Killed an orb of fire
 61238 | Zot:5    | Killed an orb of fire
 61250 | Zot:5    | Killed an ancient lich
 61329 | Zot:5    | Received a gift from Nemelex Xobeh
 61636 | Zot:5    | Got the Orb of Zot
 61913 | Depths:2 | Noticed Qeliun the pandemonium lord
 62274 | D:8      | Reached skill level 26 in Invocations
 62434 | D:2      | Noticed Woteydy the pandemonium lord
 62490 | D:$      | Escaped with the Orb!

Illustrated notes

Levels and vault maps discovered:
D:1:      amcnicky_arrival_gap_in_the_tavern_cellar, layout_loops_cross
D:2:      layout_loops_cross, ebering_ecumenical_altar_abandoned, basic_altar,
          minmay_bisected
D:3:      layout_rooms, nicolae_uskayaw_dance_hall, serial_shops,
          nicolae_diamond_shop, hangedman_abyss_or_decor_lesser_grid,
          st_stairs_11
D:4:      minmay_recursive_quarters, layout_loops_ring,
          minmay_temple_entry_waves, serial_shops, shop
D:5:      layout_rooms, minmay_fountain_box, fountainhead, minmay_crystal_room,
          uniq_menkaure
D:6:      layout_loops_ring, nicolae_ru_awakened_eye, portal_sewer_entry_a,
          kennysheep_generic_room_11
D:7:      layout_basic, nicolae_qazlal_beasts_of_the_sky, amcnicky_altar_gilded,
          gammafunk_ghost_wrathful_warriors
D:8:      minmay_clustersquares, layout_rooms, kennysheep_mini,
          kennysheep_big_empty_room, uniq_maurice, uniq_erica
D:9:      layout_roguey [special_room_orc], erik_lair_island, enter_bailey_2,
          guppyfry_shop_venom
D:10:     layout_basic, mainiacjoe_overflow_concentric_impassable,
          pdpol_wu_jian_five_deadly_venoms, mainiacjoe_overflow_six_doors_small,
          orc_david_3, chequers_serial_rivers_micro_d, minivault_8
D:11:     layout_basic, grunt_livestock
D:12:     layout_long_grid, portal_ice_cave_entry_pillars_2,
          minmay_checkered_concentric_circles
D:13:     layout_basic, david_vaults_2, serial_shops,
          nicolae_shop_window_shopping
D:14:     layout_cave_pods, kennysheep_nondescript, uniq_roxanne
D:15:     hangedman_depths_entry_try_elsewhere_first, layout_gridville,
          serial_shops, shop, shop, shop_statue, nicolae_shop_advertising_works
          [nicolae_subvault_shop_adworks], shop, nicolae_eternal_life,
          kb_rosetta
Temple:   eino_temple_lava
Lair:1:   layout_misc_corridors, lemuel_fruit_tree, infiniplex_staircase_pool,
          uniq_gastronok
Lair:2:   layout_roguey, palyth_hydra_swamp_entry, minivault_11,
          grunt_megastairs_1
Lair:3:   layout_roguey, minmay_snake_entry_guardpost_medium,
          beast_lair_carwin_6
Lair:4:   layout_concentric_octagons
Lair:5:   minmay_lair_end_enchanted_forest, layout_cave_shapes, slime_entry_1,
          chequers_serial_rivers_micro_c, uniq_urug, uniq_rupert
Swamp:1:  layout_falls_marsh, nicolae_swamp_big_swirl
Swamp:2:  nicolae_swamp_standing_stones, layout_basic_swamp,
          evilmike_swamp_ruin_house_6, infiniplex_staircase_pool_2, uniq_nikola
Swamp:3:  nzn_winding_woodlands_medium [nzn_winding_woodlands_5x5_default,
          nzn_winding_woodlands_5x15_parted, nzn_winding_woodlands_5x5_default,
          nzn_winding_woodlands_5x5_cross,
          nzn_winding_woodlands_center_diamonds,
          nzn_winding_woodlands_5x5_open_star,
          nzn_winding_woodlands_5x5_perimeter, nzn_winding_woodlands_5x15_pool,
          nzn_winding_woodlands_5x5_default], layout_basic_swamp,
          hangedman_swamp_blocks
Swamp:4:  swamp_old_school, layout_basic_swamp
Snake:1:  cheibrodos_toxic_ritual, layout_layer_cave, basic_altar,
          nicolae_snake_serpentine_bazaar, uniq_azrael
Snake:2:  cheibrodos_snake_lava_hold, layout_layer_cave, grunt_ministairs_15
Snake:3:  layout_chambers, grunt_megastairs_5, serial_bayou_shore_a
Snake:4:  snake_pit_salamanders_mu, layout_rooms, minmay_shop_grove, uniq_agnes,
          uniq_aizul
Slime:1:  layout_caves, nicolae_slime_barrier
Slime:2:  layout_caves, cheibrodos_slime_lost_civilization_7
Slime:3:  layout_caves
Slime:4:  layout_caves
Slime:5:  slime_pit_nicolae_jellycorners
Orc:1:    layout_diamond_mine, serial_shops, shop, enter_volcano_1,
          david_defended_altar_orc, uniq_erolcha, uniq_snorg, uniq_josephine
Orc:2:    grunt_orc_gardens, layout_caves, grunt_orc_garden, grunt_orc_garden,
          grunt_orc_garden, grunt_orc_garden, gauntlet_entry_generic,
          minmay_orc_temple_b, uniq_donald
Elf:1:    eino_elf_arrival_sip, layout_rooms, kennysheep_underground_church,
          uniq_zenata, uniq_frances
Elf:2:    elven_hall_of_blades_hangedman_original
          [nicolae_blade_entry_antechamber], layout_loops_cross,
          ebering_ghost_xom
Elf:3:    minmay_elf_hall_statues, layout_geoelf_grid
Vaults:1: grunt_vaults_funneled_arena, ontoclasm_vaults_tryst,
          hangedman_vaults_cutoff, layout_vaults_omnigrid
Vaults:2: v_misc_29, v_misc_9, vaults_room_stairs_pillars, v_misc_14,
          nicolae_vaults_windows_and_doors_thing, grunt_vaults_funnel,
          nicolae_vaults_trapezoid_layered, nicolae_vaults_ellipses_ellipsis,
          nicolae_vaults_three_branches, minmay_crypt_entry_simple_box,
          layout_vaults_big_cross
Vaults:3: nicolae_vaults_tetromino_T_2, nicolae_vaults_trapezoid_lopsided_4,
          st_eye, v_alt_pattern_3, v_pattern_4, v_misc_2, vaults_room_grid,
          nicolae_vaults_closet_pinwheel_3, nicolae_vaults_diamond_1,
          layout_vaults_ring, serial_shops, shop, nicolae_book_shop_shelving
Vaults:4: v_misc_26, grunt_vaults_diagonal,
          nicolae_vaults_doubleplus_tesselated, st_quartered_hall, v_misc_4,
          hangedman_vaults_corner_blocks, nicolae_vaults_storage_room_water,
          hangedman_vaults_stretched_pinwheel, vaults_mumra_hexcomb,
          vaults_room_hallway, nicolae_vaults_taking_the_gang_shopping,
          nicolae_vaults_more_shelving_1, layout_vaults_omnibox
Depths:1: layout_basic, enter_ziggurat_f, hellmouth_2, fiery_altar_vehumet,
          grunt_tough_drop, grunt_megastairs_3, firewood_loft, uniq_norris,
          uniq_mara, uniq_bai_suzhen
Depths:2: kennysheep_green_arena, layout_cave_pools, hell_entry, serial_shops,
          nicolae_shop_real_fake_doors, pan_entry, minmay_tree_intersection,
          serial_column_ruins, column_ruins_portal_squares, column_ruins_hut,
          column_ruins_columns_plus, column_ruins_open_small,
          column_ruins_corridor_water, column_ruins_grid_3
Depths:3: wad_lake_hut, layout_basic, serial_co_window_serial,
          co_window_of_opportunity_a, co_window_corner_a, co_window_corner_a,
          co_window_paths_a, co_window_paths_a, co_window_2corner,
          co_window_cross_2, co_window_corner_cb, co_window_paths_d,
          co_window_4corner_b, grunt_hell_entry_dis_mu,
          nicolae_abyss_entry_one_way_or_another
Depths:4: grunt_zot_entry_tricorne, layout_long_grid, hell_entry,
          kiku_gazebo_garden_becter, serial_bayou_crossing
Zot:1:    layout_onion_interference, grunt_ministairs_14,
          nicolae_zig_zag_zippers, uniq_tiamat
Zot:2:    layout_twisted_circle, ebering_ghost_rock_garden,
          regret_index_zot_stipple_split
Zot:3:    layout_onion_interference
Zot:4:    layout_cathedral_of_symmetry, hangedman_zot_decor_tridents,
          st_stairs_12
Zot:5:    layout_misc_corridors

Skill      XL: |  1  2  3  4  5  6  7  8  9 10 11 12 13 14 15 16 17 18 19 20 21 22 23 24 25 |
---------------+----------------------------------------------------------------------------+-----
Axes           | 3 4 5 6 8 10 11 13 15 16 17 18 | 18.0
Shields        | 4 5 10 14 15 16 17 18 19 | 19.1
Fighting       | 4 5 6 7 8 10 11 13 15 16 17 18 19 20 21 22 23 | 23.7
Armour         | 4 5 6 9 13 16 17 18 | 18.2
Dodging        | 1 2 4 5 6 10 12 13 | 13.0
Invocations    | 1 2 4 5 7 8 10 11 13 14 16 17 18 19 20 21 22 24 25 26 | 26.0
Evocations     | 3 5 7 8 9 11 | 11.9
Throwing       | 5 8 9 10 13 15 16 | 16.0
Ranged Weapons | 7 11 14 16 17 | 17.5

Action                     |  1- 3 |  4- 6 |  7- 9 | 10-12 | 13-15 | 16-18 | 19-21 | 22-24 | 25-27 || total
---------------------------+-------+-------+-------+-------+-------+-------+-------+-------+-------++-------
  Melee: War axe           |    78 |   125 |   255 |   651 |  1501 |   760 |       |       |       ||  3370
         Headbutt          |    11 |    12 |    44 |   178 |   436 |   466 |   384 |   722 |   207 ||  2460
         Scimitar          |       |       |       |    15 |    25 |    72 |       |       |       ||   112
         Broad axe         |       |       |       |       |       |   715 |  1361 |  1941 |   644 ||  4661
   Fire: Sling             |    29 |    93 |   133 |   110 |   202 |    77 |       |       |       ||   644
         Hand cannon       |       |       |       |       |       |       |   201 |   313 |    48 ||   562
  Throw: Stone             |       |       |     4 |     6 |     6 |       |       |       |       ||    16
         Dart              |       |       |       |     3 |       |       |       |       |       ||     3
         Boomerang         |       |       |       |       |     8 |    75 |    25 |    26 |     8 ||   142
 Invoke: Draw Destruction  |       |       |     8 |    11 |    24 |    20 |     7 |    16 |     3 ||    89
         Draw Escape       |       |       |       |     1 |       |     1 |     1 |       |       ||     3
         Draw Summoning    |       |       |       |     3 |     6 |    11 |     8 |    18 |     6 ||    52
         Triple Draw       |       |       |       |       |       |       |     1 |     7 |       ||     8
         Deal Four         |       |       |       |       |       |       |       |     4 |     3 ||     7
  Evoke: Wand              |       |       |     5 |    25 |     9 |    16 |     4 |    17 |     6 ||    82
         Phantom mirror    |       |       |       |       |       |     1 |       |       |       ||     1
         Lightning rod     |       |       |       |       |       |       |     5 |    14 |     1 ||    20
         Phial of floods   |       |       |       |       |       |       |       |     2 |     1 ||     3
    Use: Scroll            |       |    12 |     4 |     6 |    13 |    13 |    10 |    18 |     9 ||    85
         Potion            |       |       |     1 |       |    15 |    12 |     1 |    21 |    21 ||    71
   Stab: Paralysed         |       |       |       |     1 |       |       |       |       |       ||     1
         Distracted        |       |       |       |       |       |     4 |     3 |     3 |       ||    10
         Petrified         |       |       |       |       |       |       |       |    18 |       ||    18
         Petrifying        |       |       |       |       |       |       |       |     7 |       ||     7
         Invisible         |       |       |       |       |       |       |       |    33 |    13 ||    46
 Armour: Scale mail        |    53 |   102 |    84 |    34 |       |       |       |       |       ||   273
         Chain mail        |       |       |    64 |    47 |    14 |       |       |       |       ||   125
         Plate armour      |       |       |       |   276 |  1031 |  1219 |   892 |   517 |       ||  3935
         Gold dragon scale |       |       |       |       |       |       |       |  1243 |   488 ||  1731
  Dodge: Dodged            |    36 |    67 |   212 |   319 |   736 |   558 |   400 |   766 |   157 ||  3251
  Block: Buckler           |    12 |    29 |    79 |   298 |   224 |       |       |       |       ||   642
         Reflection        |       |       |     4 |     7 |    15 |    93 |    93 |    29 |    10 ||   251
         Kite shield       |       |       |       |       |   321 |  1003 |   764 |  1343 |   356 ||  3787
